 Dungeon Crawl Stone Soup version 0.23-a0-359-g9beedce (webtiles) character file.

942 sking99 the Digger (level 8, 44/44 HPs)
             Began as a Gargoyle Earth Elementalist on Oct 18, 2018.
             Quit the game on level 5 of the Dungeon on Oct 23, 2018.
             The game lasted 00:15:32 (5373 turns).

sking99 the Digger (Gargoyle Earth Elementalist)    Turns: 5373, Time: 00:15:33

Health: 44/44      AC: 11    Str: 11    XL:     8   Next: 12%
Magic:  2/12       EV: 11    Int: 19    God:
Gold:   245        SH:  4    Dex: 10    Spells: 4/13 levels left

rFire    . . .     SeeInvis .   q - +0 dagger (speed)
rCold    + . .     Gourm    .   n - +0 buckler
rNeg     + . .     Faith    .   a - +1 leather armour {rC+}
rPois    ∞         Spirit   .   f - +0 helmet
rElec    +         Reflect  .   i - +0 cloak (curse)
rCorr    .         Harm     .   (no gloves)
MR       .....                  (no boots)
Stlth    ++........             (no amulet)
HPRegen  0.14/turn              (no ring)
MPRegen  0.13/turn              (no ring)

@: no status effects
A: negative energy resistance 1, electricity resistance, unbreathing,
petrification resistance, rot immunity, AC +5
a: no special abilities


You were on level 5 of the Dungeon.
You were not hungry.

You visited 1 branch of the dungeon, and saw 5 of its levels.
You also visited: Ossuary.

You collected 245 gold pieces.

Inventory:

Hand Weapons
 q - a +0 dagger of speed (weapon)
Missiles
 b - 36 stones (quivered)
Armour
 a - a +1 leather armour of cold resistance (worn)
 c - a +0 robe
 f - a +0 helmet (worn)
 i - a cursed +0 cloak (worn)
 n - a +0 buckler (worn)
Jewellery
 j - an uncursed ring of wizardry {unknown}
 o - an uncursed ring of ice {unknown}
 y - an uncursed amulet of the gourmand {unknown}
Wands
 r - a wand of polymorph (17)
 s - a wand of random effects (35)
Scrolls
 l - a scroll of amnesia
 m - a scroll of remove curse {unknown}
Potions
 e - 2 potions of agility {unknown}
 g - 6 potions of haste
 h - a potion of flight {unknown}
 k - 2 potions of magic
 p - a potion of lignification {unknown}
 t - a potion of curing {unknown}
 u - a potion of degeneration {unknown}
 v - a potion of berserk rage {unknown}
 w - 4 potions of cancellation
 z - a potion of might {unknown}
Comestibles
 d - 16 rations
 x - 2 chunks of flesh


   Skills:
 + Level 2.2 Fighting
 - Level 1.7 Dodging
 - Level 2.4 Stealth
 - Level 4.0 Shields
 - Level 3.0 Spellcasting
 - Level 5.0 Conjurations
   Level 0.7 Transmutations
 + Level 7.4 Earth Magic


You had 4 spell levels left.
You knew the following spells:

 Your Spells              Type           Power        Failure   Level  Hunger
a - Sandblast             Erth           ####..       1%          1    None
b - Stone Arrow           Conj/Erth      ####..       4%          3    ###....
c - Lee's Rapid Deconstr  Erth           ####......   26%         5    ######.

Your spell library contained the following spells:

 Spells                   Type           Power        Failure   Level  Hunger
 Passwall                 Tmut/Erth      ###.....     5%          2    ##.....
 Petrify                  Tmut/Erth      ###.....     36%         4    ####...


Dungeon Overview and Level Annotations

Branches:
Dungeon (5/15)
 Temple: D:4-7

Altars:
Ashenzari
Gozag
Hepliaklqana
Kikubaaqudgha
Ru
Sif Muna
Wu Jian
Xom

Shops:
D:4 *


Innate Abilities, Weirdness & Mutations

You are resistant to torment.
Your stone body is resilient. (AC +5)
You are immune to poison.
You resist negative energy. (rN+)
You are resistant to electric shocks. (rElec)
You can survive without breathing.
You are immune to petrification.
You are immune to rotting.


Message History

The phantom is lightly damaged.
The phantom hits you but does no damage.
You barely miss the phantom.
The phantom is lightly damaged.
You closely miss the phantom.
The phantom is lightly damaged.
The phantom hits you but does no damage.
You miss the phantom.
The phantom is lightly damaged.
The phantom blinks!
Found a stone staircase leading down.
An ogre comes into view. It is wielding a +0 giant club.
The ogre shouts!
Welcome back, sking99 the Gargoyle Earth Elementalist.
Press ? for a list of commands and other information.
Welcome back, sking99 the Gargoyle Earth Elementalist.
Press ? for a list of commands and other information.
Welcome back, sking99 the Gargoyle Earth Elementalist.
Press ? for a list of commands and other information.
Are you sure you want to abandon this character and quit the game? (Confirm

##..## #. ##..## .
###O.## # ##..##.....#
##..## .....# # ##..##
......# ## ######
##.W## ......#
.###....### ##..##
....... ..#.......#
##.@## ..O....
#.....<...####..###...
.......
##...(.....##..###....
#...(...<.....## ......
#..............##......
...........)._.........
..)....................
.......................
.........._..8........


You could see a phantom and an ogre.

Vanquished Creatures
  A centaur (D:5)
  2 elf zombies (Ossuary)
  A bullfrog (D:2)
  2 scorpions (D:4)
  A howler monkey (D:4)
  A centaur zombie (Ossuary)
  A human zombie (Ossuary)
  A hound (D:4)
  2 orc wizards (D:3)
  An orc priest (D:3)
  2 iguanas (D:4)
  3 worker ants
  2 mummies (Ossuary)
  7 adders
  An ooze (D:2)
  An adder skeleton (D:4)
  An adder zombie (Ossuary)
  3 worms
  3 dart slugs
  4 leopard geckos
  11 orcs (D:3)
  5 bats
  6 giant cockroaches
  9 hobgoblins
  2 jackals (D:2)
  A quokka (D:4)
  A ball python (D:3)
  3 frilled lizards (D:2)
  7 goblins
  3 goblin zombies (Ossuary)
  9 hobgoblin zombies (Ossuary)
  A jackal zombie (D:4)
  6 kobolds
  8 kobold zombies (Ossuary)
  9 orc zombies (Ossuary)
  4 rats
  3 rat zombies (Ossuary)
128 creatures vanquished.

Notes
Turn   | Place    | Note
-------+----------+-------------------------------------------
     0 | D:1      | sking99 the Gargoyle Earth Elementalist began the quest for
                  | the Orb.
     0 | D:1      | Reached XP level 1. HP: 10/10 MP: 3/3
    51 | D:1      | Reached XP level 2. HP: 15/15 MP: 1/5
   367 | D:1      | Reached skill level 4 in Earth Magic
   563 | D:1      | Reached skill level 1 in Fighting
   563 | D:1      | Reached XP level 3. HP: 20/20 MP: 4/6
   921 | D:1      | Learned a level 3 spell: Stone Arrow
   922 | D:2      | Noticed a bullfrog
   926 | D:2      | Killed a bullfrog
   926 | D:2      | Reached XP level 4. HP: 18/26 MP: 2/8
  1171 | D:2      | Found an ornate altar of the Wu Jian Council.
  1284 | D:2      | Noticed a phantom
  1432 | D:2      | Found an ancient bone altar of Kikubaaqudgha.
  1471 | D:2      | Reached XP level 5. HP: 30/30 MP: 7/9
  1637 | D:2      | Reached skill level 1 in Conjurations
  1740 | D:2      | Found a shimmering altar of Xom.
  1761 | D:2      | Reached skill level 1 in Shields
  1761 | D:2      | Reached skill level 5 in Earth Magic
  2470 | D:3      | Reached XP level 6. HP: 29/35 MP: 0/10
  2898 | D:3      | Found a sacrificial altar of Ru.
  3248 | D:3      | Learned a level 5 spell: Lee's Rapid Deconstruction
  3316 | D:4      | Found a sand-covered staircase.
  3325 | Ossuary  | Entered an ossuary
  3724 | Ossuary  | Reached skill level 6 in Earth Magic
  3781 | Ossuary  | Reached XP level 7. HP: 29/40 MP: 0/11
  4281 | D:4      | Found a hazy altar of Hepliaklqana.
  4732 | D:4      | Reached skill level 7 in Earth Magic
  4969 | D:4      | Found Pahats's Assorted Antiques.
  4980 | D:4      | Reached XP level 8. HP: 44/44 MP: 2/12
  5157 | D:5      | Entered Level 5 of the Dungeon
  5157 | D:5      | Found an opulent altar of Gozag.
  5157 | D:5      | Found a shattered altar of Ashenzari.
  5164 | D:5      | Reached skill level 5 in Conjurations
  5238 | D:5      | Found a deep blue altar of Sif Muna.
  5373 | D:5      | Upgraded the game from 0.23-a0-338-g8ff0b24 to
                  | 0.23-a0-344-ge122d05
  5373 | D:5      | Upgraded the game from 0.23-a0-344-ge122d05 to
                  | 0.23-a0-359-g9beedce
  5373 | D:5      | Quit the game

Vault maps used:
D:1:      onia_arrival_pyramid
D:2:      overflow_temple_1_default, brannock_xom_greatest_gift,
          kiku_gazebo_garden_becter, first_ration
D:3:      old_standard_altar, serial_bayou_pond_a
D:4:      marbit_many_paths, enter_ossuary_3, serial_shops,
          nicolae_shop_waterfront
D:5:      grunt_temple_overflow_open
Ossuary:  ossuary_tomb_1

Skill      XL: |  1  2  3  4  5  6  7  8 |
---------------+-------------------------+-----
Earth Magic    | 4 5 6 7 |  7.4
Fighting       | 1 2 |  2.2
Spellcasting   | 3 |  3.0
Conjurations   | 2 3 4 5 |  5.0
Shields        | 2 3 4 |  4.0
Dodging        | |  1.7
Stealth        | |  2.4
Transmutations | |  0.7

Action                   |  1- 3 |  4- 6 |  7- 9 || total
-------------------------+-------+-------+-------++-------
Melee: Unarmed           |       |    10 |       ||    10
       Dagger            |       |    50 |   104 ||   154
 Cast: Sandblast         |    25 |   131 |    26 ||   182
       Stone Arrow       |       |     3 |    28 ||    31
  Use: Scroll            |       |     5 |     1 ||     6
  Eat: Chunk             |       |     7 |     5 ||    12
       Ration            |       |     1 |     1 ||     2
Armor: Robe              |     1 |       |       ||     1
       Leather armour    |       |    30 |    41 ||    71
Dodge: Dodged            |     3 |    46 |    31 ||    80
Block: Buckler           |       |     1 |     8 ||     9

Table legend:
 A = Non-vault XP
 B = Vault XP
 C = Vault XP percentage of total XP
 D = Non-vault monster count
 E = Vault monster count
 F = Vault count percentage of total count
                 A         B        C        D         E       F
            +---------+---------+-------+---------+---------+-------
      Total |     948 |     398 |  29.6 |      87 |      41 |  32.0
            +---------+---------+-------+---------+---------+-------
        D:1 |      34 |       0 |   0.0 |      17 |       0 |   0.0
        D:2 |     186 |       0 |   0.0 |      23 |       0 |   0.0
        D:3 |     224 |       0 |   0.0 |      30 |       0 |   0.0
        D:4 |     393 |      37 |   8.6 |      15 |       2 |  11.8
        D:5 |     111 |       0 |   0.0 |       2 |       0 |   0.0
    Ossuary |       0 |     361 | 100.0 |       0 |      39 | 100.0
            +---------+---------+-------+---------+---------+-------
